 Dungeon Crawl Stone Soup version 0.19.3 (webtiles) character file.

3570 Gargoyl the Covered (level 10, -2/84 HPs)
             Began as a Ghoul Abyssal Knight on Jan 23, 2017.
             Was a High Priest of Lugonu.
             Slain by a troll (12 damage)
             ... on level 8 of the Dungeon.
             The game lasted 00:13:56 (6724 turns).

Gargoyl the Covered (Ghoul Abyssal Knight)          Turns: 6724, Time: 00:13:56

Health: -2/84      AC: 13    Str: 18    XL:     10   Next: 9%
Magic:  9/13       EV:  8    Int:  7    God:    Lugonu [*****.]
Gold:   133        SH:  4    Dex: 13    Spells: 0 memorised, 9 levels left

rFire  . . .     SeeInvis .     r - +2 dire flail (crush)
rCold  + . .     Gourm    .     e - +0 chain mail
rNeg   + + +     Faith    .     (shield currently unavailable)
rPois  ∞         Spirit   .     (no helmet)
rElec  .         Reflect  +     (no cloak)
rCorr  +         Harm     .     E - +1 pair of gloves {Dex+3}
MR     .....                    (no boots)
Stlth  ..........               s - +4 amulet of reflection
                                (no ring)
                                F - ring of resist corrosion

@: rotting
A: rotting body, claws 1, carnivore 3, cold resistance 1, negative energy
resistance 3, slow regeneration 1, torment resistance, unbreathing
a: Depart the Abyss, Bend Space, Banish, Corrupt, Enter the Abyss, Renounce
Religion


You were on level 8 of the Dungeon.
You worshipped Lugonu.
Lugonu was extremely pleased with you.
You were not hungry.

You visited 1 branch of the dungeon, and saw 8 of its levels.
You visited the Abyss 1 time.

You collected 479 gold pieces.
You spent 346 gold pieces at shops.

Inventory:

Hand Weapons
 a - a +1 hand axe
 r - a +2 dire flail of crushing (weapon)
Missiles
 y - 3 tomahawks (quivered)
Armour
 e - a +0 chain mail (worn)
 E - a +1 pair of gloves of dexterity (worn)
 I - a +0 pair of boots
Jewellery
 s - a +4 amulet of reflection (around neck)
 F - a ring of resist corrosion (left hand)
Wands
 H - a wand of paralysis (10/24)
Scrolls
 b - 4 scrolls of teleportation
 f - a scroll of magic mapping {unknown}
 g - a scroll of fog
 m - a scroll of immolation {unknown}
 p - a scroll of amnesia {unknown}
 q - a scroll of enchant armour {unknown}
 t - 3 scrolls of identify
 u - 2 scrolls of remove curse {unknown}
 v - 4 scrolls of recharging {unknown}
 x - a scroll of blinking {unknown}
 G - a scroll of summoning {unknown}
Potions
 d - 2 potions of degeneration {unknown}
 i - a potion of brilliance {unknown}
 j - a potion of agility {unknown}
 l - 4 potions of might
 o - 2 potions of haste {unknown}
 w - 3 potions of mutation {unknown}
 z - a potion of cure mutation {unknown}
 A - 2 potions of cancellation {unknown}
 B - 2 potions of curing {unknown}
 D - a potion of lignification {unknown}
Books
 n - a book of Maledictions

   Spells                             Type                      Level
   a - Corona                         Hexes                        1
   b - Ensorcelled Hibernation        Hexes/Ice                    2
   c - Confuse                        Hexes                        3
   d - Tukima's Dance                 Hexes                        3
   e - Dazzling Spray                 Conjuration/Hexes            3
Comestibles
 c - 4 meat rations
 h - 2 slices of pizza
 k - 4 beef jerkies
 C - 4 chunks of flesh


   Skills:
 + Level 6.7 Fighting
 + Level 4.3(6.1) Axes
 + Level 6.6(7.2) Maces & Flails
 * Level 7.3 Armour
 + Level 2.1 Dodging
 * Level 6.3 Invocations


You had 9 spell levels left.
You didn't know any spells.

Dungeon Overview and Level Annotations

Branches:
Dungeon (8/15)             Temple (0/1) D:5            Lair (0/6) D:8

Altars:
Elyvilon
Gozag
Okawaru
The Shining One

Shops:
D:5 *   D:6 =[*(


Innate Abilities, Weirdness & Mutations

Your body is rotting away.
You thrive on raw meat.
You are immune to poison.
You have sharp fingernails.
You are carnivorous and can eat meat at any time.
Your flesh is cold resistant. (rC+)
You are immune to negative energy. (rN+++)
You regenerate slowly when monsters are visible.
You are immune to unholy pain and torment.
You can survive without breathing.


Message History

The vampire is almost destroyed.
The troll bites you.
* * * LOW HITPOINT WARNING * * *
The troll claws you but does no damage. The troll misses you.
The vampire gestures wildly while chanting.
The vampire flickers and vanishes!
Deactivating autopickup; reactivate with Ctrl-A.
Press: ? - help, Shift-Dir - straight line, f - troll
Aim: a troll (chance to defeat MR: 84%)
The troll barely resists.
You feel somewhat more hungry. You block the troll's attack.
The troll claws you.
* * * LOW HITPOINT WARNING * * *
The troll claws you but does no damage. You block something's attack.
Something bites you but does no damage.
Unknown command.
Okay, then.
Eat one of 4 chunks of flesh? (ye/n/q)
You start eating one of the 4 chunks of flesh.
The troll bites you!
You die...

#..####T.......##
.######.....V.........##
.........V..............
####....######.........
##...# ##...#..... #..##
#...##.#... #..## #...#
# .. ##{T# ##..## . #.@#
#...# ####..####...#
...........##....##.
....................
#...####.........#.#
...# #..####...........
#..# ##..# ###....##...
#..# #..## ..#...... ##
#..###.## .........


You could see a troll.

Vanquished Creatures
  The ghost of Schimscham the Stinger, a novice OpVM (D:4)
  2 hippogriffs
  Sigmund (D:3)
  Eustachio (D:4)
  An orc warrior (D:7)
  An ice beast (D:7)
  2 ogres
  4 centaurs
  3 bullfrogs (D:7)
  A wyvern zombie (D:8)
  A scorpion (D:7)
  3 howler monkeys (D:7)
  A crimson imp (D:7)
  A centaur zombie (D:7)
  4 orc priests
  4 hounds
  7 orc wizards
  A bullfrog skeleton (D:5)
  A gnoll shaman (D:8)
  Natasha (D:4)
  4 worker ants
  A hound skeleton (D:6)
  A worker ant zombie (D:7)
  4 gnolls (D:8)
  9 adders
  2 shadow imps
  2 oozes
  3 adder zombies
  3 adder skeletons
  2 worms
  A dart slug (D:5)
  6 leopard geckos
  29 orcs
  4 giant cockroaches
  11 goblins
  5 hobgoblins
  21 jackals
  3 quokkas
  A ball python (D:1)
  12 bats
  2 frilled lizards (D:1)
  A goblin skeleton (D:6)
  3 goblin zombies (D:6)
  5 hobgoblin zombies (D:6)
  4 kobolds
  2 kobold zombies (D:6)
  A leopard gecko skeleton (D:8)
  A leopard gecko zombie (D:5)
  An orc zombie (D:6)
  A quokka skeleton (D:7)
  8 rats
194 creatures vanquished.

Vanquished Creatures (others)
  A hydra (D:7)
1 creature vanquished.

Grand Total: 195 creatures vanquished

Notes
Turn   | Place    | Note
-------+----------+-------------------------------------------
     0 | Abyss:1  | Gargoyl the Ghoul Abyssal Knight began the quest for the Orb.
     0 | Abyss:1  | Reached XP level 1. HP: 19/19 MP: 1/1
    22 | Abyss:2  | Noticed a smoke demon
    25 | D:1      | Escaped the Abyss
   360 | D:1      | Reached skill level 1 in Dodging
   489 | D:1      | Reached XP level 2. HP: 26/26 MP: 2/2
   508 | D:1      | Reached skill level 2 in Armour
   547 | D:1      | Reached * piety under Lugonu
   716 | D:1      | Reached XP level 3. HP: 30/33 MP: 3/3
  2391 | D:3      | Noticed Sigmund
  2394 | D:3      | Reached ** piety under Lugonu
  2407 | D:3      | Killed Sigmund
  2407 | D:3      | Reached skill level 3 in Armour
  2407 | D:3      | Reached XP level 4. HP: 31/39 MP: 3/5
  2407 | D:3      | Reached XP level 5. HP: 36/45 MP: 3/6
  2478 | D:3      | Reached XP level 6. HP: 49/52 MP: 7/7
  3100 | D:4      | Noticed Eustachio
  3122 | D:4      | Killed Eustachio
  3122 | D:4      | Reached skill level 4 in Armour
  3122 | D:4      | Reached XP level 7. HP: 35/60 MP: 8/8
  3132 | D:4      | Noticed Schimscham's ghost (novice OpVM)
  3319 | D:4      | Killed Schimscham's ghost
  3319 | D:4      | Reached skill level 1 in Maces & Flails
  3370 | D:4      | Found an opulent altar of Gozag.
  3562 | D:4      | Noticed Natasha
  3569 | D:4      | Killed Natasha
  3636 | D:5      | Entered Level 5 of the Dungeon
  3687 | D:5      | Found a staircase to the Ecumenical Temple.
  3694 | D:5      | Reached skill level 5 in Armour
  3694 | D:5      | Reached XP level 8. HP: 47/66 MP: 10/10
  3844 | D:5      | Reached *** piety under Lugonu
  3884 | D:5      | Found Sez Piag's General Store.
  3909 | D:5      | Bought a scroll of enchant weapon for 82 gold pieces
  3909 | D:5      | Bought a scroll of teleportation for 33 gold pieces
  4004 | D:5      | Reached skill level 5 in Fighting
  4023 | D:5      | Found an iron altar of Okawaru.
  4584 | D:6      | Found Deelatuxt's Armour Shop.
  4758 | D:6      | Bought a +1 pair of gloves of dexterity for 231 gold pieces
  4772 | D:6      | Found Itsidiw's Jewellery Shoppe.
  4853 | D:6      | Found a glowing golden altar of the Shining One.
  4877 | D:6      | Reached **** piety under Lugonu
  4933 | D:6      | Reached skill level 5 in Invocations
  5087 | D:6      | Found Mos Unk's Weapon Shop.
  5252 | D:6      | Found Plog's General Store.
  5639 | D:7      | Reached XP level 9. HP: 71/75 MP: 11/11
  5747 | D:7      | Noticed a five-headed hydra
  5756 | D:7      | Banished a five-headed hydra
  5756 | D:7      | Reached skill level 5 in Maces & Flails
  5756 | D:7      | Reached skill level 6 in Armour
  5986 | D:7      | Reached skill level 7 in Armour
  6428 | D:8      | Found a white marble altar of Elyvilon.
  6553 | D:8      | Reached XP level 10. HP: 72/84 MP: 13/13
  6592 | D:8      | Found a staircase to the Lair.
  6661 | D:8      | Reached ***** piety under Lugonu
  6698 | D:8      | Noticed a red ugly thing
  6724 | D:8      | Slain by a troll

Skill      XL: |  1  2  3  4  5  6  7  8  9 |
---------------+----------------------------+-----
Dodging        | 1 2 |  2.1
Armour         | 2 3 4 5 7 |  7.3
Axes           | 2 3 4 |  4.3
Fighting       | 4 5 6 |  6.7
Invocations    | 3 4 5 6 |  6.3
Maces & Flails | 2 4 6 |  6.6

Action                   |  1- 3 |  4- 6 |  7- 9 | 10-12 || total
-------------------------+-------+-------+-------+-------++-------
Melee: Hand axe          |   169 |   101 |       |       ||   270
       Dire flail        |       |    24 |   445 |    29 ||   498
Throw: Tomahawk          |       |       |     2 |       ||     2
Invok: Depart the Abyss  |     1 |       |       |       ||     1
       Banish            |       |       |     1 |     1 ||     2
  Use: Scroll            |       |     3 |     5 |       ||     8
  Eat: Chunk             |    10 |    13 |    55 |     6 ||    84
Armor: Chain mail        |   151 |   109 |   281 |    21 ||   562
Dodge: Dodged            |    82 |    60 |   161 |    18 ||   321
Block: Other             |       |     9 |    85 |    18 ||   112
       Reflection        |       |       |     4 |       ||     4
